 Dungeon Crawl Stone Soup version 0.27-a0-1196-g3e9cee4cb2 (webtiles) character file.

Game seed: 5109614626343373717

0 spiderkeys the Skirmisher (level 1, -1/16 HPs)
             Began as an Octopode Abyssal Knight on May 30, 2021.
             Was a Follower of Lugonu.
             Slain by a starspawn tentacle (3 damage)
             ... attached to a tentacled starspawn
             ... on level 1 of the Abyss.
             The game lasted 00:00:19 (87 turns).

spiderkeys the Skirmisher (Octopode Abyssal Knight)   Turns: 87, Time: 00:00:19

Health: -1/16      AC:  1    Str: 11    XL:     1   Next: 0%
Magic:  2/2        EV: 10    Int: 14    God:    Lugonu [*.....]
Gold:   15         SH:  0    Dex: 11    Spells: 0/0 levels left

rFire    . . .     SeeInvis .   a - +1 spear
rCold    . . .     Faith    .   (no shield)
rNeg     . . .     Spirit   .   (helmet restricted)
rPois    .         Reflect  .   (no amulet)
rElec    .         Harm     .   (no ring)
rCorr    .         Rampage  .   (no ring)
Will     .....                  (no ring)
Stlth    ++........             (no ring)
HPRegen  0.05/turn              (no ring)
MPRegen  0.08/turn              (no ring)
                                (no ring)
                                (no ring)

@: constricted
A: almost no armour, amphibious, 8 rings, camouflage 1, gelatinous body 1,
(nimble swimmer 1), tentacles
a: Renounce Religion, Depart the Abyss


You were on level 1 of the Abyss.
You worshipped Lugonu.
Lugonu was aware of your devotion.
You visited 0 branches of the dungeon, and saw 0 of its levels.
You visited the Abyss 1 time.

You collected 15 gold pieces.


Innate Abilities, Weirdness & Mutations

You cannot wear most types of armour.
You are amphibious.
You can wear up to eight rings at the same time.
Your skin changes colour to match your surroundings (Stealth+).
Your rubbery body absorbs attacks. (AC +1, EV +1)
((You are camouflaged near water. (Stealth+)))
You have tentacles for arms and can constrict up to eight enemies at once.


   Skills:
 + Level 3.0 Fighting
 + Level 2.0 Polearms
 + Level 2.3 Dodging
 + Level 2.0 Invocations


You couldn't memorise any spells.
You didn't know any spells.
Your spell library contained the following spells:

 Spells                   Type           Power      Damage    Failure   Level
 Confusing Touch          Hex            0%         N/A       65%         3
 Gell's Gravitas          Tloc           0%         N/A       65%         3
 Petrify                  Tmut/Erth      0%         N/A       96%         4
 Metabolic Englaciation   Hex/Ice        0%         N/A       100%        5
 Yara's Violent Unravell  Hex/Tmut       0%         3d3       100%        5

Inventory:

Hand Weapons
 a - a +1 spear (weapon)
Missiles
 b - 26 arrows

Dungeon Overview and Level Annotations

Branches:
Dungeon (0/15)

Altars:

..# . #.. .#
#. #.# .###
#.. ...#... .
#..X #.#...
.. #/.\ #...#
# .#
#.\#...##..#
. #w@....# #
.# #.##x#.##
..#.# #w
#....###.###
#
#.#.#.#.#...#
####.##X...#
#......x#.##
##...#...###
...... #...
###
..#...#..#.X.
.


You could see 2 tentacled starspawn, 2 small abominations and 2 starspawn
tentacles.


Message History

🤖 Initializing magus.rc ...
Options error: Delay interrupt name "hungry" not recognised. (~/.crawlrc:4988) ✅ Successfully initialized magus.rc [v1.9.10] Welcome, spiderkeys the Octopode Abyssal Knight.
Will you prevail where others failed? Will you find the Orb of Zot?
Lugonu says: Depart the Abyss and spread corruption, my servant! (use the ability menu to exit the Abyss) Press ? for a list of commands and other information.
Found 26 arrows.
Found a corrupted altar of Lugonu.
Found a gateway leading out of the Abyss.
b - 26 arrows
c - a scroll labelled WOGA GOOTEJ
As you read the scroll labelled WOGA GOOTEJ, it crumbles to dust.
It is a scroll of identify.
You don't have any unidentified items.
You now have 15 gold pieces.
A small abomination emerges from chaos.
Unknown command.
A small abomination comes into view.
A wretched star comes into view.
You see here a book of Misfortune.
You pick up a book of Misfortune and begin reading...
You add the spells Confusing Touch, Gell's Gravitas, Petrify, Metabolic Englaciation and Yara's Violent Unravelling to your library.
The small abomination barely misses you.
A tentacled starspawn comes into view.
The small abomination barely misses you.
Tentacles burst from the starspawn's body! 2 starspawn tentacles come into view.
A tentacle flies out from the starspawn's body!
A starspawn tentacle comes into view.
A starspawn tentacle comes into view.
The small abomination hits you. 😕 HP[-2]
You take 2 damage, and now have 14/16 hp.
You barely miss the small abomination. The small abomination misses you.
A small abomination comes into view.
You hit the small abomination but do no damage.
The small abomination closely misses you.
You completely miss the small abomination.
The small abomination barely misses you. 😕 HP[+1]
You barely miss the small abomination.
The small abomination closely misses you.
You hit the small abomination but do no damage.
You squeeze the small abomination! The small abomination hits you!
Ouch! That really hurt!
* * * LOW HITPOINT WARNING * * *
😱 HP[-13]
You take 13 damage, and now have 2/16 hp.
MASSIVE DAMAGE!! (PAUSE)
A tentacled starspawn comes into view.
The small abomination closely misses you.
The starspawn tentacle grabs you.
You die...

Action                   || total
-------------------------++-------
Melee: Spear             ||     5
       Tentacles         ||     1
  Use: Scroll            ||     1
Dodge: Dodged            ||     7

Levels and vault maps discovered:
Abyss:1:  base: Temple, base:
Temple

Notes
Turn   | Place    | Note
-------+----------+-------------------------------------------
     0 | Abyss:1  | spiderkeys the Octopode Abyssal Knight began the quest for
                  | the Orb.
     0 | Abyss:1  | Reached XP level 1. HP: 16/16 MP: 2/2
     0 | Abyss:1  | magus.rc [v1.9.10]
    48 | Abyss:1  | Noticed a small abomination
    51 | Abyss:1  | Noticed a small abomination
    55 | Abyss:1  | Noticed a wretched star
    62 | Abyss:1  | You pick up a book of Misfortune and begin reading...
    62 | Abyss:1  | You add the spells Confusing Touch, Gell's Gravitas,
                  | Petrify, Metabolic Englaciation and Yara's Violent
                  | Unravelling to your library.
    65 | Abyss:1  | Noticed a tentacled starspawn
    77 | Abyss:1  | Noticed a small abomination
    81 | Abyss:1  | HP: 2/16 [small abomination (13)]
    85 | Abyss:1  | Noticed a tentacled starspawn
    87 | Abyss:1  | Slain by a starspawn tentacle

Vanquished Creatures (others)
  4 starspawn tentacles (Abyss:1)
4 creatures vanquished.

Table legend:
 A = Non-vault XP
 B = Vault XP
 C = Vault XP percentage of total XP
 D = Non-vault monster count
 E = Vault monster count
 F = Vault count percentage of total count
                 A         B        C        D         E       F
            +---------+---------+-------+---------+---------+-------
      Total |       0 |       0 |   N/A |       0 |       0 |  -nan
            +---------+---------+-------+---------+---------+-------
            +---------+---------+-------+---------+---------+-------

Illustrated notes

Table legend: (Time is in decaauts)
 A = Elapsed time spent in this place.
 B = Non-inter-level travel time spent in this place.
 C = Inter-level travel time spent in this place.
 D = Time resting spent in this place.
 E = Time spent auto-exploring this place.
 F = Levels seen in this place.
 G = Mean time per level.
                   A        B        C        D        E       F      G
               +--------+--------+--------+--------+--------+-----+--------+
         Total |     87 |     87 |      0 |      0 |     46 |   1 |   87.0 |
         Abyss |     87 |     87 |      0 |      0 |     46 |   1 |   87.0 |
               +--------+--------+--------+--------+--------+-----+--------+

Top non-repeatable levels by time:
 Abyss:1: 87 daAuts
